 Dungeon Crawl Stone Soup version 0.21.1-1-g345015f (webtiles) character file.

356112 Mgcat the Slayer (level 21, 0/211 HPs)
             Began as a Minotaur Monk on Feb 16, 2018.
             Was the Champion of Ru.
             Killed by divine providence
             ... invoked by a daeva
              (14 damage)
             ... on level 1 of the Depths on Feb 17, 2018.
             The game lasted 02:22:37 (43743 turns).

Mgcat the Slayer (Minotaur Monk)                   Turns: 43743, Time: 02:22:37

Health: 0/211      AC: 40    Str: 22    XL:     21   Next: 39%
Magic:  7/7        EV:  6    Int:  8    God:    Ru [******]
Gold:   3190       SH:  0    Dex: 23    Spells: 20/20 levels left

rFire    + . .     SeeInvis +   W - +8 executioner's axe "Usinav" {antimagic, Str+2 Dex+2 SInv Stlth+}
rCold    + + +     Gourm    +   (shield currently unavailable)
rNeg     + . .     Faith    .   J - +9 scales of the Dragon King {rPois rF+ rC+ MR+}
rPois    +         Spirit   .   V - +2 hat {MR+}
rElec    .         Reflect  .   X - scarf {repulsion}
rCorr    .         Harm     .   b - +0 pair of gloves of Pragmatism {-Cast MR+ Dex+3} (curse)
MR       ++++.     NoCast   +   M - +2 pair of boots
Stlth    ..........             z - amulet of Dile {Gourm *Contam rC++}
HPRegen  0.45/turn              x - +4 ring of slaying
MPRegen  0.10/turn              w - ring of positive energy {rN+}

@: exhausted, about to teleport, flayed, hasted, drained, repel missiles, very
quick
A: retaliatory headbutt, horns 2, no stealth, hated by all, inability to train
dodging, no ice magic, no translocations magic, no transmutations magic,
disrupted magic 1, inexperienced 1
}: 2/15 runes: decaying, serpentine
a: Draw Out Power, Power Leap, Apocalypse, Renounce Religion


You were on level 1 of the Depths.
You worshipped Ru.
Ru was exalted by your worship.
You were completely stuffed.

You visited 8 branches of the dungeon, and saw 38 of its levels.
You visited 1 bazaar.
You also visited: Labyrinth and Ice Cave.

You collected 5378 gold pieces.
You spent 2188 gold pieces at shops.

Inventory:

Hand Weapons
 i - the +9 spear of Patterns {freeze, rPois rF+++ Int-2 SInv}
   (You found it on level 11 of the Dungeon)

   It has been specially enchanted to freeze those struck by it, causing extra
   injury to most foes and up to half again as much damage against particularly
   susceptible opponents.
   It can also slow down cold-blooded creatures.
   It affects your intelligence (-2).
   It renders you almost immune to fire.
   It protects you from poison.
   It lets you see invisible.
 W - the +8 executioner's axe "Usinav" (weapon) {antimagic, Str+2 Dex+2 SInv Stlth+}
   (You bought it in a shop in a bazaar)

   It reduces the magical energy of the wielder, and disrupts the spells and
   magical abilities of those hit.
   Natural abilities and divine invocations are not affected.
   It affects your strength (+2).
   It affects your dexterity (+2).
   It lets you see invisible.
   It makes you more stealthy.
Missiles
 g - a throwing net {=f, !d}
 v - 7 silver javelins
 I - a javelin of penetration
 R - 6 javelins (quivered)
Armour
 b - the cursed +0 pair of gloves of Pragmatism (worn) {-Cast MR+ Dex+3}
   (You found it in a labyrinth)

   It affects your dexterity (+3).
   It affects your resistance to hostile enchantments.
   It prevents spellcasting.
   It has a curse placed upon it.
 J - the +9 scales of the Dragon King (worn) {rPois rF+ rC+ MR+}
   (You bought it in a shop on level 2 of the Orcish Mines)

   It protects you from fire.
   It protects you from cold.
   It protects you from poison.
   It affects your resistance to hostile enchantments.
 M - a +2 pair of boots (worn)
   (You found it on level 2 of the Swamp)
 V - a +2 hat of magic resistance (worn)
   (You took it off Gastronok on level 3 of the Lair of Beasts)
 X - a scarf of repulsion (worn)
   (You found it on level 4 of the Swamp)
Jewellery
 w - a ring of positive energy (right hand) {rN+}
   (You found it on level 13 of the Dungeon)
 x - a +4 ring of slaying (left hand)
   (You found it on level 6 of the Lair of Beasts)
 z - the amulet of Dile (around neck) {Gourm *Contam rC++}
   (You acquired it on level 7 of the Dungeon)

   [amulet of the gourmand]

   It allows you to eat raw meat even when not hungry.
   It greatly protects you from cold.
   It causes magical contamination when unequipped.
Wands
 a - a wand of scattershot (13)
   (You found it on level 1 of the Snake Pit)
 u - a wand of acid (39)
   (You found it on level 10 of the Dungeon)
 y - a wand of iceblast (19)
   (You took it off Ijyb on level 5 of the Dungeon)
 F - a wand of clouds (15)
   (You found it on level 9 of the Dungeon)
 H - a wand of digging (50)
   (You found it in a labyrinth)
Scrolls
 f - 14 scrolls of identify
 l - 19 scrolls of teleportation
 m - 26 scrolls of remove curse
 s - 7 scrolls of fear
 A - 4 scrolls of fog
 B - a scroll of magic mapping {!r}
 C - 7 scrolls of enchant weapon
 G - a scroll of enchant armour
 K - a scroll of acquirement
 S - 2 scrolls of amnesia
 T - 5 scrolls of holy word {!r}
Potions
 e - 2 potions of invisibility
 h - 5 potions of haste
 j - 6 potions of berserk rage {!q}
 p - 8 potions of agility
 q - 7 potions of lignification {!q}
 r - 13 potions of curing
 D - 8 potions of resistance
 E - 2 potions of cancellation
 L - 3 potions of mutation {!q}
 O - 7 potions of heal wounds
 P - 2 potions of flight
 U - a potion of magic
 Y - 5 potions of ambrosia
Miscellaneous
 k - a lightning rod (4/4)
   (You found it on level 1 of the Swamp)
 n - a phantom mirror
Comestibles
 c - 69 rations


   Skills:
 + Level 23.1(22.2) Fighting
 + Level 19.7(20.6) Axes
 - Level 15.9(18.8) Polearms
 - Level 5.0(4.4) Throwing
 + Level 21.5(20.6) Armour
   Level 15.0(14.1) Shields
 - Level 5.0(4.3) Evocations


You had 20 spell levels left.
You didn't know any spells.

Dungeon Overview and Level Annotations

Branches:
Dungeon (15/15)            Temple (0/1) D:7            Lair (6/6) D:9
  Swamp (4/4) Lair:2        Snake (4/4) Lair:2        Slime (0/5) Lair:5
    Orc (2/2) D:10            Elf (2/3) Orc:2        Vaults (4/5) D:13
  Crypt (0/3) Vaults:3     Depths (1/5) D:15

Altars:
Ashenzari
Cheibriados
Dithmenos
Elyvilon
Fedhas
Gozag
Hepliaklqana
Kikubaaqudgha
Makhleb
Ru
Uskayaw
Wu Jian
Xom
The Shining One
Beogh

Shops:
D:9 [!   Orc:1 :   Orc:2 ?}([   Elf:1 !

Portals:
Ziggurat: Depths:1

Annotations:
D:3 Monsterracer's ghost, amateur SpHu
D:15 1 runed door


Innate Abilities, Weirdness & Mutations

You reflexively headbutt those who attack you in melee.
You have a pair of horns on your head.
You cannot be stealthy.
You are hated by all.
You cannot train Dodging skill.
You cannot study or cast Ice magic.
You cannot study or cast Translocations magic.
You cannot study or cast Transmutations magic.
Your casting is slightly disrupted.
You are somewhat inexperienced. (-2 XL)


Message History

You redirect the frost giant's attack!
The frost giant falters for a moment.
You catch the helpless frost giant completely off-guard!
You slash the frost giant!
The frost giant's magic leaks into the air.
You headbutt the frost giant.
The frost giant is almost dead.
You redirect the ice dragon's attack!
The ice dragon breathes frost at the two-headed ogre.
The blast of cold hits the brown ugly thing.
The blast of cold hits the two-headed ogre. x2
You slice the frost giant!!
The frost giant's magic leaks into the air.
The frost giant is almost dead.
The frost giant points at you and mumbles some strange words.
The bolt of cold hits you! You resist.
You slash the frost giant!
You kill the frost giant!
The frost giant's corpse dissolves into shadows!
The ogre mage mumbles some strange words.
The ogre mage blinks!
The two-headed ogre barely misses you.
The two-headed ogre hits you but does no damage.
You slash the two-headed ogre! You headbutt the two-headed ogre.
The two-headed ogre is moderately wounded.
The vampire knight mumbles some strange words.
The vampire knight seems to speed up.
The ogre mage begins to cast a spell, but is stunned by your will!
You slash the two-headed ogre!
The two-headed ogre is heavily wounded.
The two-headed ogre hits you but does no damage.
The two-headed ogre completely misses you.
You redirect the vampire knight's attack!
You redirect the ice dragon's attack!
You slice the two-headed ogre!!
Your headbutt misses the two-headed ogre.
The two-headed ogre is almost dead.
The ogre mage begins to cast a spell, but is stunned by your will!
The boggart mumbles some strange words.
The boggart flickers and vanishes for a moment.
Your scales of the Dragon King prevents you from hitting the two-headed ogre.
The two-headed ogre is almost dead.
The two-headed ogre hits you with a giant spiked club!
The two-headed ogre hits you but does no damage.
The boggart gestures wildly while chanting.
You closely miss the two-headed ogre.
The two-headed ogre is almost dead.
You barely miss the two-headed ogre.
The two-headed ogre is almost dead.
The boggart mumbles some strange words.
The boggart blinks!
The vampire mage casts a spell.
The two-headed ogre barely misses you. x2
You slash the two-headed ogre!
You kill the two-headed ogre!
The two-headed ogre's corpse dissolves into shadows!
The ice dragon breathes frost at you. The blast of cold hits you!
The centaur is stunned by your will and fails to attack.
You redirect the vampire knight's attack!
You are restored by drawing out deep reserves of power within.
You feel drained.
The vampire mage gestures wildly while chanting.
The vampire mage flickers and vanishes for a moment.
The vampire knight hits you but does no damage.
The two-headed ogre is stunned by your will and fails to attack.
You slice the two-headed ogre!! You headbutt the two-headed ogre.
The two-headed ogre is almost dead.
You slash the two-headed ogre!
You kill the two-headed ogre!
The two-headed ogre's corpse dissolves into shadows!
The vampire knight begins to cast a spell, but is stunned by your will!
The great orb of eyes begins to attack, but is stunned by your will!
You redirect the vampire knight's attack!
The daeva shouts!
The ice dragon breathes frost at you. The blast of cold hits you! You resist.
The daeva calls down the wrath of the Shining One upon you.
The Shining One smites you!
The vampire knight blinks!
The flayed ghost cries, "Suffer as I suffered!"
Terrible wounds open up all over your body!
* * * LOW HITPOINT WARNING * * *
The ice dragon dissolves into shadows!
The daeva calls down the wrath of the Shining One upon you.
The Shining One smites you!
* * * LOW HITPOINT WARNING * * *
The vampire knight casts a spell.
The vampire knight flickers and vanishes for a moment.
As you read the scroll of teleportation, it crumbles to dust.
You feel strangely unstable.
The flayed ghost cries, "Suffer as I suffered!"
Terrible wounds spread across more of your body!
* * * LOW HITPOINT WARNING * * *
The vampire knight hits you with a halberd!
* * * LOW HITPOINT WARNING * * *
The vampire knight bites you but does no damage.
The flayed ghost begins to attack, but is stunned by your will!
The daeva calls down the wrath of the Shining One upon you.
The Shining One smites you!
You die...

......)..........#####..
##..######.......#...#(..
.........'......##W∩.##..
###.######.......#RA.#...
...............#.#####...
####.#.........#...#....
####...........#.....#
............#..#....##
#####.....###..#@...#
#......#......##V.##
#.###..#.#....##.## ###
##.#.#....##.#
#.#.#....##u#
#.#.#....##.#
#........##O#
#...#.##.##G#
#.[......#G.#


You could see a daeva, a vampire knight (invisible), a great orb of eyes, a
brown ugly thing, a rakshasa, a flayed ghost and a two-headed ogre.

Vanquished Creatures
  Mennas (Vaults:3)
  Mara (Vaults:4)
  Saint Roka (Vaults:4)
  the Lernaean hydra (Swamp:4)
  Rupert (D:15)
  A deep elf blademaster (Elf:2)
  A sphinx (Vaults:2)
  2 liches (Vaults:2)
  Gastronok (Lair:3)
  A thorn hunter (Swamp:2)
  8 nagarajas
  2 tengu reavers (Vaults:3)
  A revenant (Vaults:3)
  Kirke (Lair:5)
  A fire giant (Depths:1)
  Roxanne (Swamp:1)
  The ghost of Serooblart the Warrior, a journeyman MiBe of Trog (Elf:1)
  5 frost giants
  2 orc warlords
  7 vault wardens
  A ghost moth (shapeshifter) (Vaults:3)
  6 ironheart preservers
  11 stone giants
  2 vampire knights (Depths:1)
  6 very ugly things (Depths:1)
  An entropy weaver (Vaults:3)
  A deep elf demonologist (Elf:1)
  A spark wasp (shapeshifter) (D:15)
  3 deep elf annihilators
  Azrael (D:15)
  2 deep elf death magi (Elf:1)
  4 fire dragons
  A minotaur (Lab)
  Josephine (Orc:2)
  A deep elf high priest (Elf:1)
  5 yaktaur captains
  3 rakshasas
  2 vault guards
  17 hydras
  4 great orbs of eyes
  16 naga warriors
  3 ice dragons
  11 centaur warriors
  2 ghost crabs (Swamp:4)
  Erica (Lair:2)
  A catoblepas (D:13)
  14 anacondas
  16 dancing weapons
  10 ogre magi
  35 two-headed ogres
  4 alligators
  2 death knights
  A death yak (IceCv)
  2 deep troll shamans (Vaults:3)
  2 deep troll earth magi
  Urug (Lair:2)
  10 naga sharpshooters
  3 orc high priests (Orc:2)
  7 shock serpents
  Nergalle (Lair:3)
  A storm dragon zombie (Vaults:3)
  16 deep elf knights
  A shadow wraith (Vaults:3)
  A fire crab (shapeshifter) (Vaults:4)
  5 hell knights (Vaults:4)
  6 deep trolls (Vaults:3)
  3 skeletal warriors
  2 salamander mystics (Snake:4)
  4 naga ritualists
  8 deep elf archers
  A shambling mangrove (Swamp:2)
  3 unseen horrors
  5 wizards
  14 swamp dragons
  A spriggan druid (Swamp:4)
  2 phantasmal warriors
  A lindwurm (Lair:3)
  Pikel (D:6)
  17 mana vipers
  8 harpies
  5 necromancers
  A lindwurm (shapeshifter) (Elf:1)
  11 ironbrand convokers
  20 orc knights
  A wolf spider (D:15)
  6 orc sorcerers
  37 deep elf magi
  40 ugly things
  A tengu skeleton (Vaults:3)
  7 cyclopes
  16 elephants
  17 salamanders
  2 manticores (D:11)
  7 guardian serpents
  A stone giant skeleton (Vaults:3)
  8 vault sentinels
  Joseph (D:8)
  33 black mambas
  A guardian serpent (shapeshifter) (Vaults:2)
  10 spiny frogs
  22 naga magi
  A gargoyle (D:13)
  3 kobold demonologists
  An ice statue (IceCv)
  4 rime drakes (Lair:6)
  3 freezing wraiths
  6 komodo dragons
  32 yaktaurs
  2 queen bees (shapeshifter) (Vaults:3)
  A harpy zombie (D:13)
  2 jumping spiders (Vaults:3)
  2 trolls (shapeshifter)
  A hornet (shapeshifter) (Vaults:1)
  14 trolls
  18 polar bears
  14 hornets
  4 bog bodies (Swamp:3)
  Prince Ribbit (D:8)
  19 blink frogs
  16 hippogriffs
  5 tyrant leeches
  A dream sheep (shapeshifter) (Elf:1)
  9 dream sheep
  4 human simulacra
  A hippogriff (shapeshifter) (Vaults:3)
  17 slime creatures
  An ettin skeleton (Vaults:3)
  3 vampires
  A flying skull (Vaults:3)
  2 redbacks (Vaults:3)
  A spriggan (shapeshifter) (Vaults:1)
  6 wraiths
  An air elemental (Elf:1)
  6 spriggans
  A water elemental (Elf:2)
  3 wyverns
  Eustachio (D:5)
  2 humans (Lair:5)
  47 yaks
  2 hogs (Lair:5)
  7 basilisks
  5 fire elementals
  11 wargs
  The ghost of Filip the Digger, an amateur DrEE (D:4)
  18 vampire mosquitoes
  6 hungry ghosts
  40 insubstantial wisps
  A steam dragon (Lair:6)
  70 nagas
  2 soldier ants
  14 swamp worms
  3 acid dragons
  15 water moccasins
  3 hell hounds (D:15)
  2 porcupines
  A floating eye (shapeshifter) (Vaults:1)
  45 orc warriors
  12 swamp drakes
  4 slaves (D:6)
  A black bear (D:9)
  A deep troll skeleton (Vaults:3)
  13 ice beasts
  4 sky beasts
  2 phantoms
  34 ogres
  9 boggarts
  23 wolves
  20 centaurs
  15 crocodiles
  Blork the orc (D:4)
  13 bullfrogs
  2 gnoll sergeants (D:6)
  A glowing shapeshifter simulacrum (Vaults:2)
  An earth elemental (Elf:1)
  2 wyvern skeletons
  4 killer bees (D:12)
  3 scorpions
  A water moccasin skeleton (D:9)
  An elf simulacrum (Vaults:2)
  A troll skeleton (Lab)
  A wight (D:5)
  A howler monkey (D:8)
  An electric eel (D:11)
  2 bullfrog zombies
  8 crimson imps
  2 centaur zombies
  25 orc priests
  5 hounds
  2 bullfrog skeletons
  A jelly (D:10)
  6 centaur skeletons
  8 iguanas
  Ijyb (D:5)
  28 orc wizards
  6 worker ants
  3 bullfrog simulacra (D:11)
  2 ogre skeletons (Lab)
  Robin (D:3)
  A howler monkey zombie (D:6)
  12 adders
  A gnoll (D:1)
  5 shadow imps
  2 white imps (D:11)
  A worker ant simulacrum (D:11)
  2 oozes
  An adder zombie (D:9)
  An adder skeleton (D:6)
  2 worms
  6 dart slugs
  4 leopard geckos
  72 orcs
  6 giant cockroaches
  9 hobgoblins
  16 jackals
  9 quokkas
  A ball python (D:4)
  8 bats
  4 frilled lizards
  13 goblins
  6 kobolds
  A leopard gecko skeleton (D:4)
  2 quokka skeletons
  7 rats
  2 plants (D:11)
1569 creatures vanquished.

Vanquished Creatures (others)
  A nagaraja (Snake:3)
  A deep elf sorcerer (Vaults:4)
  An ettin (Depths:1)
  A naga warrior (Snake:4)
  A hydra (Lair:4)
  An ice dragon (Vaults:2)
  A centaur warrior (Vaults:2)
  2 hell knights (Vaults:4)
  A skeletal warrior (Vaults:2)
  A swamp dragon (Lair:6)
  An ironbrand convoker (Vaults:2)
  A deep elf archer (Elf:2)
  2 deep elf magi
  2 yaktaurs
  A komodo dragon (Lair:1)
  2 polar bears (IceCv)
  A hornet (Swamp:2)
  2 yaks (Lair:1)
  A naga (Snake:4)
  A warg (Vaults:1)
  A boggart (Vaults:2)
  6 wolves (IceCv)
  A crocodile (D:10)
  A bullfrog (D:10)
  An adder (D:2)
  2 orcs
  3 fungi
  12 plants
52 creatures vanquished.

Grand Total: 1621 creatures vanquished

Notes
Turn   | Place    | Note
-------+----------+-------------------------------------------
     0 | D:1      | Mgcat the Minotaur Monk began the quest for the Orb.
     0 | D:1      | Reached XP level 1. HP: 19/19 MP: 0/0
    34 | D:1      | HP: 4/20 [gnoll/flail (7)]
    38 | D:1      | Reached skill level 4 in Fighting
    38 | D:1      | Reached skill level 4 in Axes
    38 | D:1      | Reached XP level 2. HP: 4/27 MP: 1/1
   566 | D:1      | Reached XP level 3. HP: 34/34 MP: 2/2
  1165 | D:2      | Found an ancient bone altar of Kikubaaqudgha.
  1167 | D:2      | Found a blossoming altar of Fedhas.
  1259 | D:3      | Noticed Robin
  1314 | D:3      | Reached skill level 5 in Fighting
  1314 | D:3      | Reached skill level 5 in Axes
  1314 | D:3      | Reached XP level 4. HP: 42/42 MP: 3/3
  1329 | D:3      | Found an opulent altar of Gozag.
  1544 | D:3      | Killed Robin
  1674 | D:3      | Noticed Monsterracer's ghost (amateur SpHu)
  1908 | D:4      | Noticed a sky beast
  1919 | D:4      | Killed a sky beast
  1919 | D:4      | Reached skill level 6 in Fighting
  1919 | D:4      | Reached skill level 6 in Axes
  1919 | D:4      | Reached XP level 5. HP: 41/50 MP: 4/4
  1965 | D:4      | Found a shattered altar of Ashenzari.
  1989 | D:4      | Noticed an ogre
  1998 | D:4      | HP: 2/50 [ogre/giant club (14)]
  1999 | D:4      | Killed an ogre
  1999 | D:4      | Reached XP level 6. HP: 3/58 MP: 5/5
  2327 | D:4      | Noticed Blork the orc
  2344 | D:4      | Killed Blork the orc
  2429 | D:4      | Noticed Filip's ghost (amateur DrEE)
  2446 | D:4      | Killed Filip's ghost
  2446 | D:4      | Reached skill level 7 in Fighting
  2446 | D:4      | Reached skill level 7 in Axes
  2487 | D:4      | Reached XP level 7. HP: 48/66 MP: 6/6
  3182 | D:5      | Entered Level 5 of the Dungeon
  3223 | D:5      | Noticed Eustachio
  3247 | D:5      | Killed Eustachio
  3252 | D:5      | Found a sacrificial altar of Ru.
  3258 | D:5      | Reached skill level 8 in Fighting
  3258 | D:5      | Reached skill level 8 in Axes
  3270 | D:5      | Became a worshipper of Ru the Awakened
  3294 | D:5      | Gained mutation: You are hated by all. [Ru sacrifice]
  3294 | D:5      | Reached * piety under Ru
  3457 | D:5      | Reached XP level 8. HP: 75/75 MP: 7/7
  3544 | D:5      | Noticed Ijyb
  3555 | D:5      | Killed Ijyb
  3656 | D:5      | Reached skill level 9 in Fighting
  3656 | D:5      | Reached skill level 9 in Axes
  3678 | D:5      | Found a burning altar of Makhleb.
  3678 | D:5      | Noticed a cacodemon
  3895 | D:6      | Reached skill level 1 in Throwing
  4180 | D:6      | Noticed Pikel
  4208 | D:6      | Killed Pikel
  4208 | D:6      | Reached skill level 10 in Axes
  4208 | D:6      | Reached skill level 3 in Throwing
  4235 | D:6      | Noticed a two-headed ogre
  4504 | D:6      | Reached skill level 10 in Fighting
  4564 | D:5      | Reached XP level 9. HP: 34/85 MP: 8/8
  4840 | D:6      | Killed a two-headed ogre
  4840 | D:6      | Reached skill level 4 in Throwing
  5263 | D:7      | Identified a scroll of acquirement
  5264 | D:7      | Got a translucent emerald amulet
  5266 | D:7      | Identified the amulet of Dile {Gourm *Contam rC++} (You acquired it on level 7 of the Dungeon)
  5524 | D:7      | Reached skill level 5 in Throwing
  5524 | D:7      | Reached skill level 1 in Armour
  5524 | D:7      | Reached skill level 1 in Shields
  5554 | D:7      | Gained mutation: You are somewhat inexperienced. (-2 XL) [Ru sacrifice]
  5554 | D:7      | Reached XP level 8. HP: 70/81 MP: 16/16
  5554 | D:7      | Reached XP level 7. HP: 70/73 MP: 15/15
  5554 | D:7      | Reached ** piety under Ru
  5554 | D:7      | Reached *** piety under Ru
  5561 | D:7      | Found a staircase to the Ecumenical Temple.
  5567 | D:7      | Noticed a hippogriff
  5575 | D:7      | Killed a hippogriff
  5684 | D:7      | Reached skill level 11 in Fighting
  5684 | D:7      | Reached skill level 11 in Axes
  5813 | D:7      | Found a shimmering altar of Xom.
  5814 | D:7      | Found a hazy altar of Hepliaklqana.
  5814 | D:7      | Noticed a yak
  5815 | D:7      | Noticed a spectral ugly thing
  5815 | D:7      | Noticed a yak
  5948 | D:8      | Reached XP level 8. HP: 82/82 MP: 7/7
  5954 | D:8      | Reached skill level 2 in Armour
  5954 | D:8      | Reached skill level 2 in Shields
  6536 | D:8      | Reached skill level 3 in Shields
  6548 | D:8      | Reached skill level 3 in Armour
  6634 | D:8      | Noticed a two-headed ogre
  6647 | D:8      | Killed a two-headed ogre
  6647 | D:8      | Reached XP level 9. HP: 23/89 MP: 8/8
  6648 | D:8      | HP: 20/89 [bullfrog (4)]
  6662 | D:8      | Reached skill level 4 in Shields
  6694 | D:8      | Reached skill level 4 in Armour
  6727 | D:8      | Noticed Prince Ribbit
  6885 | D:8      | Noticed Joseph
  6897 | D:8      | Killed Prince Ribbit
  6915 | D:8      | Killed Joseph
  7467 | D:9      | Found a white marble altar of Elyvilon.
  7492 | D:9      | Reached skill level 5 in Shields
  7511 | D:9      | Found Mipium's Distillery.
  7516 | D:9      | Reached skill level 5 in Armour
  7531 | D:9      | HP: 20/90 [orc warrior/scimitar (14)]
  7620 | D:9      | Found Goseshafue's Antique Armour Shop.
  7640 | D:9      | Noticed a centaur warrior
  7657 | D:9      | Killed a centaur warrior
  7657 | D:9      | Reached skill level 12 in Fighting
  7657 | D:9      | Reached skill level 12 in Axes
  7657 | D:9      | Reached XP level 10. HP: 41/97 MP: 9/9
  7881 | D:9      | Found a shadowy altar of Dithmenos.
  7953 | D:9      | Found a staircase to the Lair.
  7981 | D:9      | Reached skill level 6 in Armour
  8033 | D:9      | Found a snail-covered altar of Cheibriados.
  8034 | D:9      | Found a hide-covered altar of Uskayaw.
  8235 | D:9      | Gained mutation: You cannot study or cast Ice magic. [Ru sacrifice]
  8235 | D:9      | Gained mutation: You cannot study or cast Transmutations magic. [Ru sacrifice]
  8235 | D:9      | Gained mutation: You cannot study or cast Translocations magic. [Ru sacrifice]
  8235 | D:9      | Reached **** piety under Ru
  8235 | D:9      | Reached ***** piety under Ru
  8240 | D:9      | Paralysed by a hornet for 1 turns
  8256 | D:9      | Reached skill level 1 in Evocations
  8563 | D:10     | Entered Level 10 of the Dungeon
  8818 | D:10     | Reached skill level 2 in Evocations
  9001 | D:10     | Found a staircase to the Orcish Mines.
  9073 | D:10     | Reached skill level 7 in Armour
  9667 | Lair:1   | Entered Level 1 of the Lair of Beasts
  9671 | Lair:1   | Reached XP level 11. HP: 105/105 MP: 12/12
  9710 | Lair:1   | HP: 24/106 [spiny frog (7)]
  9716 | D:9      | HP: 25/106 [spiny frog (3)]
  9718 | D:9      | Reached skill level 3 in Evocations
 10223 | D:11     | Found a frozen archway.
 10291 | D:11     | Reached skill level 13 in Fighting
 10297 | IceCv    | Entered an ice cave
 10302 | IceCv    | Reached skill level 13 in Axes
 10358 | IceCv    | Reached skill level 8 in Armour
 10578 | IceCv    | Reached skill level 6 in Shields
 10660 | IceCv    | Reached skill level 4 in Evocations
 11439 | IceCv    | Noticed a death yak
 11462 | IceCv    | Killed a death yak
 11462 | IceCv    | Reached skill level 7 in Shields
 11481 | IceCv    | Reached skill level 9 in Armour
 11503 | IceCv    | Reached XP level 12. HP: 80/115 MP: 14/14
 11669 | IceCv    | Noticed a frost giant
 11688 | IceCv    | Reached skill level 5 in Evocations
 11714 | IceCv    | Killed a frost giant
 12019 | D:11     | Noticed a two-headed ogre
 12023 | D:11     | Killed a two-headed ogre
 12263 | D:11     | Reached skill level 14 in Fighting
 12263 | D:11     | Reached skill level 14 in Axes
 12659 | D:11     | Reached skill level 10 in Armour
 12675 | D:11     | Noticed a two-headed ogre
 12680 | D:11     | Killed a two-headed ogre
 12969 | D:11     | Noticed a deep troll earth mage
 12979 | D:11     | Killed a deep troll earth mage
 13436 | D:11     | Got an ebony hand axe
 13471 | D:11     | Identified the +6 hand axe "Raorosm" {chop, Dex+9 Stlth+} (You found it on level 11 of the Dungeon)
 13690 | Lair:1   | Noticed an eight-headed hydra
 13698 | Lair:1   | Killed an eight-headed hydra
 13698 | Lair:1   | Reached skill level 8 in Shields
 14357 | Lair:2   | Found a staircase to the Snake Pit.
 14516 | Lair:2   | Noticed Urug
 14530 | Lair:2   | Reached skill level 4 in Dodging
 14543 | Lair:2   | Killed Urug
 14753 | Lair:2   | Found a staircase to the Swamp.
 14884 | Lair:2   | Noticed Erica
 14896 | Lair:2   | Killed Erica
 15369 | D:11     | Got a fine spear
 15377 | D:11     | Identified the +9 spear of Patterns {freeze, rPois rF+++ Int-2 SInv} (You found it on level 11 of the Dungeon)
 15477 | Lair:3   | Reached skill level 1 in Polearms
 15477 | Lair:3   | Reached XP level 13. HP: 125/125 MP: 15/15
 15507 | Lair:3   | Reached skill level 2 in Polearms
 15530 | Lair:3   | Reached skill level 3 in Polearms
 15546 | Lair:3   | Reached skill level 4 in Polearms
 15652 | Lair:3   | Noticed Gastronok
 15706 | Lair:3   | Killed Gastronok
 15706 | Lair:3   | Reached skill level 5 in Polearms
 15990 | Lair:3   | Reached skill level 6 in Polearms
 16064 | Lair:3   | Noticed Nergalle
 16079 | Lair:3   | Killed Nergalle
 16203 | Lair:3   | Reached skill level 7 in Polearms
 16894 | Lair:4   | Reached skill level 11 in Armour
 17101 | Lair:4   | Reached skill level 5 in Dodging
 17273 | Lair:5   | Reached skill level 9 in Shields
 17274 | Lair:5   | Noticed Kirke
 17292 | Lair:5   | Killed Kirke
 17292 | Lair:5   | Reached skill level 15 in Fighting
 17292 | Lair:5   | Reached skill level 8 in Polearms
 17405 | Lair:5   | Found a labyrinth entrance.
 17474 | Lab      | Entered a labyrinth
 17957 | Lab      | Found an exit through the horrors of the Abyss.
 18079 | Lab      | Noticed a minotaur
 18088 | Lab      | Killed a minotaur
 18205 | Lab      | Got a pair of translucent gloves
 18205 | Lab      | Got a shimmering leather armour
 18221 | Lair:5   | Identified the cursed +0 pair of gloves of Pragmatism {-Cast MR+ Dex+3} (You found it in a labyrinth)
 18233 | Lair:5   | Reached skill level 6 in Dodging
 18239 | Lair:5   | Identified the +2 leather armour of Bedevilment {*Drain rElec rC++ SInv} (You found it in a labyrinth)
 18656 | Lair:5   | Reached XP level 14. HP: 129/135 MP: 16/16
 18770 | Lair:5   | Reached skill level 9 in Polearms
 18774 | Lair:5   | Found a staircase to the Slime Pits.
 19088 | Lair:6   | Entered Level 6 of the Lair of Beasts
 19180 | Lair:6   | Reached skill level 10 in Shields
 19240 | Lair:6   | Reached skill level 12 in Armour
 19499 | Lair:6   | Reached skill level 7 in Dodging
 20236 | Orc:1    | Entered Level 1 of the Orcish Mines
 20236 | Orc:1    | Found Juysiodd's Book Boutique.
 20631 | Orc:1    | Noticed an orc warlord
 20668 | Orc:1    | Killed an orc warlord
 20821 | Orc:2    | Entered Level 2 of the Orcish Mines
 20836 | Orc:2    | Reached skill level 10 in Polearms
 20946 | Orc:2    | Noticed Josephine
 20961 | Orc:2    | Killed Josephine
 21066 | Orc:2    | Found a staircase to the Elven Halls.
 21207 | Orc:2    | Reached skill level 8 in Dodging
 21251 | Orc:2    | Reached skill level 11 in Shields
 21262 | Orc:2    | Reached skill level 16 in Fighting
 21456 | Orc:2    | Found Udwiluc's Armour Boutique.
 21460 | Orc:2    | Found Zereng's Weapon Emporium.
 21517 | Orc:2    | Found Aptoshreimi's Gadget Emporium.
 21519 | Orc:2    | Found Ireruta's Magic Scroll Boutique.
 21658 | Orc:2    | Found a roughly hewn altar of Beogh.
 22029 | Orc:2    | Bought the +9 scales of the Dragon King {rPois rF+ rC+ MR+} for 1372 gold pieces
 22029 | Orc:2    | Found the +9 scales of the Dragon King {rPois rF+ rC+ MR+}
 22206 | Swamp:1  | Entered Level 1 of the Swamp
 22434 | Swamp:1  | Gained mutation: Your casting is slightly disrupted. [Ru sacrifice]
 22443 | Swamp:1  | Reached XP level 15. HP: 144/144 MP: 17/17
 22558 | Swamp:1  | Got a spiked ring mail
 22569 | Swamp:1  | Identified the +1 ring mail of Umit {Str+4 SInv} (You found it on level 1 of the Swamp)
 22652 | Swamp:1  | Reached skill level 13 in Armour
 22681 | Swamp:1  | Noticed Roxanne
 22975 | Swamp:1  | Killed Roxanne
 22976 | Swamp:1  | Identified Roxanne's Incunabulum of Changing (You took it off Roxanne on level 1 of the Swamp)
 22986 | Swamp:1  | You fall through a shaft!
 23165 | Swamp:2  | Reached skill level 11 in Polearms
 23256 | Swamp:2  | Noticed a thorn hunter
 23270 | Swamp:2  | Killed a thorn hunter
 23494 | Swamp:2  | Reached skill level 9 in Dodging
 24221 | Swamp:3  | Gained mutation: You cannot train Dodging skill. [Ru sacrifice]
 24221 | Swamp:3  | Reduced skill Dodging to level 0
 24235 | Swamp:3  | Reached skill level 12 in Shields
 24943 | Swamp:4  | Entered Level 4 of the Swamp
 25069 | Swamp:4  | Got a smoking plate armour
 25080 | Swamp:4  | Identified the +7 plate armour of a treasure trove {rPois rF+} (You found it on level 4 of the Swamp)
 25204 | Swamp:4  | Reached skill level 12 in Polearms
 25481 | Swamp:4  | Reached skill level 14 in Armour
 25500 | Swamp:4  | Noticed the 27-headed Lernaean hydra
 25517 | Swamp:4  | Killed the 27-headed Lernaean hydra
 25517 | Swamp:4  | Reached skill level 17 in Fighting
 25543 | Swamp:4  | Reached XP level 16. HP: 141/155 MP: 18/18
 25569 | Swamp:4  | Reached skill level 13 in Shields
 25747 | Swamp:4  | Gained mutation: You cannot be stealthy. [Ru sacrifice]
 25747 | Swamp:4  | Reduced skill Stealth to level 0
 25747 | Swamp:4  | Reached ****** piety under Ru
 25889 | Swamp:4  | Got a decaying rune of Zot
 26102 | Snake:1  | Entered Level 1 of the Snake Pit
 26834 | Snake:1  | Reached skill level 13 in Polearms
 27455 | Snake:2  | Reached skill level 15 in Armour
 27932 | Snake:2  | Found a blossoming altar of Fedhas.
 28049 | Snake:2  | Reached skill level 14 in Shields
 28359 | Snake:3  | Got a warped hat
 28370 | Snake:3  | Identified the +2 hat "Keisat" {+Blink MR- Dex+4} (You found it on level 3 of the Snake Pit)
 28500 | Snake:3  | Reached skill level 18 in Fighting
 29200 | Snake:3  | Reached XP level 17. HP: 163/163 MP: 19/19
 29288 | Snake:4  | Entered Level 4 of the Snake Pit
 29375 | Snake:4  | Reached skill level 14 in Polearms
 29674 | Snake:4  | Reached skill level 16 in Armour
 29822 | Snake:4  | Reached skill level 15 in Shields
 30421 | Snake:4  | Reached skill level 15 in Polearms
 30796 | Snake:4  | Reached skill level 19 in Fighting
 31116 | Snake:4  | Got a serpentine rune of Zot
 31475 | Elf:1    | Entered Level 1 of the Elven Halls
 31538 | Elf:1    | Found Igumma Ikhla's Distillery.
 31550 | Elf:1    | Noticed Serooblart's ghost (journeyman MiBe)
 31577 | Elf:1    | Killed Serooblart's ghost
 31892 | Elf:1    | Got a spiked leather armour
 32054 | Elf:1    | Got a jewelled trident
 32055 | Elf:1    | Identified the +4 trident of the Asp {elec, Str+7 Int-3} (You found it on level 1 of the Elven Halls)
 32206 | Elf:1    | Reached skill level 17 in Armour
 32206 | Elf:1    | Reached XP level 18. HP: 176/176 MP: 20/20
 32301 | Elf:1    | Bought a potion of resistance for 150 gold pieces
 32301 | Elf:1    | Bought a potion of heal wounds for 75 gold pieces
 32301 | Elf:1    | Bought a potion of haste for 150 gold pieces
 32708 | Elf:2    | Found a gateway to a bazaar.
 32731 | Bazaar   | Entered a bazaar
 32731 | Bazaar   | Found Mob Enaynt's Distillery.
 32731 | Bazaar   | Found Kymikexu's Antique Armour Shoppe.
 32749 | Bazaar   | Found Deit's General Store.
 32771 | Bazaar   | Found Zunus's Antique Weapon Emporium.
 32782 | Bazaar   | Found Pepoke's Gadget Boutique.
 32807 | Bazaar   | Bought a potion of heal wounds for 45 gold pieces
 32807 | Bazaar   | Bought a potion of resistance for 90 gold pieces
 32807 | Bazaar   | Bought a potion of resistance for 90 gold pieces
 32807 | Bazaar   | Bought a potion of might for 36 gold pieces
 32841 | Bazaar   | Bought an ancient executioner's axe for 180 gold pieces
 32914 | Elf:2    | Identified the +8 executioner's axe "Usinav" {antimagic, Str+2 Dex+2 SInv Stlth+} (You bought it in a shop in a bazaar)
 32978 | Elf:2    | Found a runed gate.
 32978 | Elf:2    | Found a runed gate.
 32978 | Elf:2    | Found a runed gate.
 33325 | Elf:2    | Reached skill level 15 in Axes
 34059 | D:12     | Reached skill level 20 in Fighting
 34950 | D:13     | Found a gate to the Vaults.
 34953 | D:13     | Reached skill level 18 in Armour
 36299 | D:15     | Entered Level 15 of the Dungeon
 36353 | D:15     | Found a runed door.
 36620 | D:15     | Noticed Rupert
 36630 | D:15     | Killed Rupert
 36749 | D:15     | Noticed Azrael
 36761 | D:15     | Killed Azrael
 36860 | D:15     | Found a staircase to the Depths.
 36987 | D:15     | Found a glowing golden altar of the Shining One.
 37118 | Vaults:1 | Entered Level 1 of the Vaults
 37281 | Vaults:1 | Reached skill level 16 in Axes
 37336 | Vaults:1 | Reached XP level 19. HP: 157/187 MP: 7/21
 38551 | Vaults:2 | Reached skill level 19 in Armour
 38584 | Vaults:2 | Reached skill level 21 in Fighting
 38614 | Vaults:2 | Reached skill level 17 in Axes
 39525 | Vaults:2 | Reached XP level 20. HP: 185/198 MP: 7/22
 40002 | Vaults:3 | Reached skill level 20 in Armour
 40011 | Vaults:3 | Reached skill level 18 in Axes
 40313 | Vaults:3 | HP: 41/200 [deep troll[an ironheart preserver] (12)]
 40750 | Vaults:3 | Reached skill level 22 in Fighting
 40969 | Vaults:3 | Noticed Mennas
 40990 | Vaults:3 | Killed Mennas
 41015 | Vaults:3 | Got a scorched large shield
 41161 | Vaults:3 | Found a staircase to the Crypt.
 41787 | Vaults:4 | Noticed Saint Roka
 41795 | Vaults:4 | Killed Saint Roka
 41796 | Vaults:4 | Reached skill level 19 in Axes
 41826 | Vaults:4 | Reached skill level 21 in Armour
 42097 | Vaults:4 | Reached XP level 21. HP: 202/209 MP: 7/23
 42364 | Vaults:4 | Noticed Mara
 42374 | Vaults:4 | Noticed Mgcat's illusion
 42391 | Vaults:4 | Killed Mara
 42616 | Vaults:4 | Found an ornate altar of the Wu Jian Council.
 43377 | Depths:1 | Entered Level 1 of the Depths
 43392 | Depths:1 | Reached skill level 23 in Fighting
 43639 | Depths:1 | Found a gateway to a ziggurat.
 43740 | Depths:1 | HP: 51/211 [daeva/divine providence (7)]
 43743 | Depths:1 | HP: 14/211 [vampire knight/halberd[a boggart] (16)]
 43743 | Depths:1 | Killed from afar by a daeva

Skill      XL: |  1  2  3  4  5  6  7  8  9 10 11 12 13 14 15 16 17 18 19 20 21 |
---------------+----------------------------------------------------------------+-----
Fighting       | 4 5 6 7 11 10 12 13 14 15 16 17 18 19 20 21 22 23 | 23.1
Axes           | 4 5 6 7 11 10 12 13 14 16 17 19 | 19.7
Throwing       | 3 5 |  5.0
Armour         | 3 5 7 9 10 11 12 14 15 17 18 19 21 | 21.5
Shields        | 3 5 7 8 9 11 12 14 15 | 15.0
Evocations     | 2 4 5 |  5.0
Dodging        | 4 6 8 0 |  0.0
Polearms       | 1 8 10 12 13 15 | 15.9
Stealth        | 0 |  0.0

Action                   |  1- 3 |  4- 6 |  7- 9 | 10-12 | 13-15 | 16-18 | 19-21 || total
-------------------------+-------+-------+-------+-------+-------+-------+-------++-------
Melee: Hand axe          |    89 |   142 |   525 |   741 |       |       |       ||  1497
       Headbutt          |    14 |    22 |   121 |   225 |   431 |   399 |   311 ||  1523
       War axe           |       |       |       |    74 |       |       |       ||    74
       Battleaxe         |       |       |       |    19 |       |       |       ||    19
       Spear             |       |       |       |     4 |  1711 |  1525 |       ||  3240
       Executioner's axe |       |       |       |       |       |   390 |   974 ||  1364
Throw: Javelin           |       |       |    10 |    13 |    20 |    15 |     6 ||    64
       Tomahawk          |       |       |       |     6 |       |       |       ||     6
Invok: Sacrifice Love    |       |       |     1 |       |       |       |       ||     1
       Sacrifice Experie |       |       |     1 |       |       |       |       ||     1
       Draw Out Power    |       |       |     1 |    10 |     8 |     6 |    10 ||    35
       Sacrifice Arcana  |       |       |       |     1 |       |       |       ||     1
       Reject Sacrifices |       |       |       |     1 |     1 |       |       ||     2
       Sacrifice Essence |       |       |       |       |     1 |       |       ||     1
       Sacrifice Nimblen |       |       |       |       |     1 |       |       ||     1
       Sacrifice Stealth |       |       |       |       |       |     1 |       ||     1
       Apocalypse        |       |       |       |       |       |     1 |       ||     1
 Abil: Evoke Berserk Rag |       |       |     2 |       |       |       |       ||     2
Evoke: Wand              |       |       |     5 |    10 |     3 |     2 |       ||    20
  Use: Scroll            |       |     7 |     9 |     4 |    12 |    11 |     3 ||    46
       Potion            |       |       |     2 |     8 |     4 |       |     8 ||    22
 Stab: Sleeping          |     2 |       |       |       |       |       |       ||     2
       Distracted        |       |       |     2 |     5 |     4 |    10 |     8 ||    29
       Confused          |       |       |     3 |       |       |       |       ||     3
       Invisible         |       |       |       |    17 |    16 |    24 |    12 ||    69
       Petrified         |       |       |       |       |     5 |       |       ||     5
       Petrifying        |       |       |       |       |     1 |       |       ||     1
       Paralysed         |       |       |       |       |     3 |    10 |       ||    13
  Eat: Chunk             |     1 |     4 |    36 |    27 |    35 |    53 |    22 ||   178
Armor: Robe              |     4 |       |       |       |       |       |       ||     4
       Chain mail        |    58 |    67 |   126 |       |       |       |       ||   251
       Plate armour      |       |       |    47 |   286 |   155 |       |       ||   488
       Gold dragon scale |       |       |       |       |   179 |   588 |   847 ||  1614
Dodge: Dodged            |    39 |    36 |   108 |   181 |   141 |   139 |   218 ||   862
       Deflected         |       |       |       |       |       |    38 |    56 ||    94
Block: Buckler           |     2 |    15 |    85 |   146 |       |       |       ||   248
       Shield            |       |       |       |    27 |   417 |   359 |       ||   803

Vault maps used:
D:1:      lightli_arrival_flooded_house, minivault_19, minmay_door_square
D:2:      grunt_temple_overflow_growth_and_decay, lemuel_old_faithful
D:3:      grunt_gozag_statues, uniq_robin
D:4:      ashenzari_altar_1, first_ration, saegor_snake_ambush,
          uniq_blork_the_orc
D:5:      makhleb_altar_promises_db, nicolae_ru_great_annihilating_truth,
          uniq_ijyb, uniq_eustachio
D:6:      sword_in_stone, uniq_pikel
D:7:      regret_index_temple_of_mockery, minmay_temple_entry_overgrown
D:8:      uniq_joseph, uniq_prince_ribbit1
D:9:      gammafunk_temple_overflow_statue, elyvilon_altar_3, marbit_many_paths,
          david_lair_shrubbed, serial_shops, shop_fountains,
          hangedman_pestilent_swarm, kennysheep_windowed_goal
D:10:     kennysheep_ambush_hall, david_orc_3
D:11:     minmay_weird_star, serial_ice, serial_ice_b, serial_ice_i,
          serial_ice_o, serial_ice_m, portal_ice_cave_entry_ice_beasts,
          kennysheep_just_a_vault
D:13:     hourglass_vault, david_vaults_1
D:15:     hangedman_depths_entry_try_elsewhere_first, grunt_decor_mini_mirrors,
          basic_altar, kennysheep_treasure_room, uniq_azrael, uniq_rupert
Lair:1:   minmay_holes, lemuel_fruit_tree
Lair:2:   swamp_mist_pool, minmay_snake_entry_spellcaster, st_stairs_13,
          uniq_urug, uniq_erica
Lair:3:   wad_woods_road_02, hangedman_lair_unloving_vines,
          serial_bayou_shore_a, infiniplex_staircase_pool, uniq_nergalle,
          uniq_gastronok
Lair:4:   infiniplex_staircase_pool_2
Lair:5:   minmay_slime_entry_oklob_open, lab_entry_generic, uniq_kirke
Lair:6:   guppyfry_lair_end_dragon
Swamp:1:  evilmike_swamp_ruin_house_1, grunt_witch_cave, uniq_roxanne
Swamp:2:  nicolae_swamp_very_dense_foliage
Swamp:3:  evilmike_swamp_ruin_rubble_1
Swamp:4:  swamp_old_school
Snake:1:  special_room
Snake:2:  cheibrodos_forgotten_conduit, basic_altar
Snake:3:  spider_trap
Snake:4:  minmay_snake_end_coiled, grunt_ministairs_2,
          nicolae_coiled_stairwell_up, serial_bayou_shore_b
Orc:1:    serial_shops, shop
Orc:2:    st_orc_elflike, basic_altar, uniq_josephine
Elf:1:    serial_shops, nicolae_shop_window_shopping, hangedman_corner_corridor,
          grunt_ministairs_9
Elf:2:    serial_shops, statue_bzr
Vaults:1: v_misc_24, hangedman_vaults_nails, nicolae_vaults_network_s,
          vaults_dpeg_hooks, nicolae_vaults_alarming
Vaults:2: grunt_vaults_swirl, nicolae_vaults_branching_niches,
          ontoclasm_vaults_decontamination, nicolae_vaults_little_squares_5,
          nicolae_vaults_arrows, v_misc_12, hangedman_vaults_slice,
          ontoclasm_vaults_shuriken, v_pattern_2,
          nicolae_vaults_little_squares_5, ontoclasm_vaults_eye
Vaults:3: ontoclasm_vaults_gallery, v_rooms_4, ontoclasm_vaults_misaligned,
          v_misc_10, nicolae_vaults_little_squares_1, v_pattern_3,
          nicolae_vaults_shelves_hall, v_misc_29, hangedman_vaults_pinch,
          nicolae_vaults_little_squares_4, nicolae_vaults_little_squares_4,
          vaults_room_boxed, vaults_dpeg_diagonal, vaults_mumra_chevron,
          nicolae_vaults_rhombus_7, minmay_crypt_entry_simple_box, uniq_mennas
Vaults:4: ontoclasm_vaults_gateway, nicolae_vaults_little_squares_1,
          vaults_dpeg_doors, ontoclasm_vaults_idyll,
          nicolae_vaults_little_squares_1, ontoclasm_vaults_misaligned,
          basic_altar, uniq_saint_roka, uniq_mara
Depths:1: enter_ziggurat_d, old_standard_altar, abyss_entry, lightli_too_deep,
          minmay_misc_feat_room, nrook_uturn, lightli_gold_pyramid
Lab:      labyrinth_mini_lab, nicolae_lab_big_swirl, labyrinth_fake_exit,
          nicolae_lab_very_dead_end, nicolae_lab_garden, lab_block,
          labyrinth_skeletal_remains
Bazaar:   bazaar_lake
IceCv:    ice_cave_caverns_02

Table legend:
 A = Turns spent in this place as a percentage of turns spent in the entire game.
 B = Non-inter-level travel turns spent in this place as a percentage of non-inter-level travel turns spent in the entire game.
 C = Inter-level travel turns spent in this place as a percentage of turns spent in this place.
 D = Turns resting spent in this place as a percentage of non-inter-level travel turns spent in this place.
 E = Turns spent auto-exploring this place as a percentage of non-inter-level travel turns spent in this place.
 F = Non-inter-level travel turns spent in this place divided by the number of levels of this place that you've seen.
                   A       B       C       D       E      F
               +-------+-------+-------+-------+-------+----------------------
         Total | 100.0 | 100.0 |   6.2 |   5.6 |  66.0 | 1001.3
       Dungeon |  34.8 |  34.1 |   8.0 |   7.3 |  71.8 | 933.6
          Lair |  14.1 |  13.9 |   7.8 |   3.5 |  72.5 | 948.2
         Swamp |   8.8 |   8.9 |   5.1 |   0.1 |  68.2 | 913.0
     Snake Pit |  11.9 |  12.3 |   3.3 |   2.5 |  63.0 | 1261.5
  Orcish Mines |   4.5 |   4.0 |  15.5 |   6.3 |  58.5 | 828.5
   Elven Halls |   5.2 |   5.3 |   4.4 |   1.4 |  69.7 | 1086.5
        Vaults |  14.0 |  14.4 |   3.5 |   2.0 |  71.7 | 1481.8
        Depths |   0.8 |   0.9 |   0.3 |   0.8 |  41.1 | 365.0
     Labyrinth |   1.7 |   1.8 |   0.0 |   0.0 |   0.0 | 733.0
        Bazaar |   0.3 |   0.3 |   0.0 |   0.0 |  49.2 | 128.0
      Ice Cave |   3.8 |   4.1 |   0.0 |  42.1 |  19.1 | 1678.0
               +-------+-------+-------+-------+-------+----------------------

Table legend:
 A = Kills in this place as a percentage of kills in entire the game.
 B = Kills by you in this place as a percentage of kills by you in the entire game.
 C = Kills by friends in this place as a percentage of kills by friends in the entire game.
 D = Other kills in this place as a percentage of other kills in the entire game.
 E = Experience gained in this place as a percentage of experience gained in the entire game.
 F = Experience gained in this place divided by the number of levels of this place that you have seen.
                   A       B       C       D       E      F
               +-------+-------+-------+-------+-------+----------------------
         Total | 100.0 | 100.0 |   N/A | 100.0 | 100.0 | 15513.3
       Dungeon |  24.9 |  25.1 |   N/A |  12.0 |   8.7 | 3698.9
          Lair |   9.8 |   9.7 |   N/A |  20.0 |   7.4 | 7871.0
         Swamp |   9.9 |  10.0 |   N/A |   4.0 |   9.7 | 15481.0
     Snake Pit |  14.2 |  14.3 |   N/A |   8.0 |  18.4 | 29190.8
  Orcish Mines |   5.6 |   5.7 |   N/A |   0.0 |   3.1 | 9871.5
   Elven Halls |   5.3 |   5.3 |   N/A |   8.0 |   8.9 | 28374.5
        Vaults |  25.4 |  25.2 |   N/A |  36.0 |  38.5 | 61227.5
        Depths |   1.3 |   1.3 |   N/A |   4.0 |   3.1 | 19573.0
     Labyrinth |   0.6 |   0.6 |   N/A |   0.0 |   0.3 | 1972.0
      Ice Cave |   3.0 |   2.9 |   N/A |   8.0 |   1.8 | 11701.0
               +-------+-------+-------+-------+-------+----------------------
